 Dungeon Crawl Stone Soup version 0.30-a0-394-g3e4acdb0ae (webtiles) character file.

Game seed: 11514965667499561367

1400 cforsyth the Protected (level 8, -3/74 HPs)
             Began as a Hill Orc Fighter on Dec 7, 2022.
             Slain by a sky beast (5 damage)
             ... on level 6 of the Dungeon.
             The game lasted 00:10:28 (5285 turns).

cforsyth the Protected (Hill Orc Fighter)           Turns: 5285, Time: 00:10:29

Health: -3/74      AC:  9    Str: 21    XL:     8   Next: 69%
Magic:  8/8        EV:  9    Int: 11    God:
Gold:   326        SH:  4    Dex: 10    Spells: 7/7 levels left

rFire   . . .      SeeInvis .    a - +0 war axe
rCold   . . .      Faith    .    c - +0 buckler
rNeg    . . .      Spirit   .    b - +0 scale mail
rPois   .          Reflect  .    v - +1 hat {Int+3}
rElec   .          Harm     .    (no cloak)
rCorr   .          Rampage  .    (no gloves)
Will    .....                    (no boots)
Stlth   ..........               (no amulet)
HPRegen 0.32/turn                (no ring)
MPRegen 0.11/turn                (no ring)

@: studying Armour
A: no striking features
a: no special abilities


You were on level 6 of the Dungeon.
You visited 1 branch of the dungeon, and saw 6 of its levels.

You collected 356 gold pieces.
You spent 30 gold pieces at shops.

Inventory:

Hand Weapons
 a - a +0 war axe (weapon)
Armour
 b - a +0 scale mail (worn)
 c - a +0 buckler (worn)
 h - a +0 plate armour
 n - a +0 helmet
 v - a +1 hat of intelligence (worn)
Wands
 w - a wand of flame (23)
Scrolls
 f - a scroll of blinking {unknown}
 g - a scroll of teleportation {unknown}
 i - a scroll of silence {unknown}
 k - a scroll of vulnerability {unknown}
 l - a scroll of magic mapping {unknown}
 r - a scroll of fear {unknown}
 s - 2 scrolls of fog
 t - a scroll of noise {unknown}
 x - a scroll of amnesia {unknown}
Potions
 d - 2 potions of might
 m - a potion of mutation
 o - a potion of berserk rage
 p - 2 potions of brilliance
 q - 3 potions of haste {unknown}
 u - 4 potions of lignification {unknown}
 z - 2 potions of attraction {unknown}


   Skills:
 + Level 8.0 Fighting
 + Level 8.3 Axes
 + Level 9.7 Armour
 - Level 3.2 Shields


You had 7 spell levels left.
You didn't know any spells.
Your spell library was empty.

Dungeon Overview and Level Annotations

Branches:
Dungeon (6/15)             Temple (0/1) D:6

Altars:
Dithmenos
Elyvilon
Hepliaklqana
Wu Jian
Xom

Shops:
D:1 (   D:5 *

Annotations:
D:3 2 transporters, AigisTheKnight's ghost, amateur TeCj


Message History

You feel sick. The white imp gestures at you. The puff of frost hits you.
Your Fighting skill increases to level 8!
You feel sick.
A sky beast comes into view.
The white imp barely misses you.
You see here a hound corpse.
You barely miss the white imp.
You feel sick. The white imp barely misses you.
You slash the white imp!
You kill the white imp!
You feel sick.
You feel sick.
You hear the slow rusting of a drain nearby.
You feel sick.
You are no longer poisoned.
The sky beast hits you. The sky beast shocks you.
You slash the sky beast!
The sky beast is heavily wounded.
The sky beast hits you but does no damage.
You closely miss the sky beast.
The sky beast is heavily wounded.
The sky beast flickers out of sight!
Deactivating autopickup; reactivate with Ctrl-A.
Something hits you. Something shocks you.
* * * LOW HITPOINT WARNING * * *
You completely miss something. Something hits you but does no damage.
You barely miss something. Something hits you but does no damage.
You miss something. Something hits you.
* * * LOW HITPOINT WARNING * * *
Something shocks you.
* * * LOW HITPOINT WARNING * * *
You miss something. Something hits you but does no damage. Something hits you.
* * * LOW HITPOINT WARNING * * *
Something shocks you.
* * * LOW HITPOINT WARNING * * *
You miss something. Something hits you.
* * * LOW HITPOINT WARNING * * *
Something shocks you.
You die...

#.....##.# ...##
#........#.##.. ##
#.....##......# .
##.......##.>.. .#
#.....#......##.#
#.....#.#.##....
#.......#.....# #..
#....#....##..#.....
.......#.##.†.@{..#
######......#.##......
#.##...#... ##...
....=......... .
##.###...###.#.# #.
##... .# .. . ##### .#
. .


There were no monsters in sight!

Vanquished Creatures
  Grinder (D:5)
  Eustachio (D:5)
  A water moccasin (D:6)
  2 black bears (D:5)
  Blork the orc (D:5)
  2 scorpions
  A necrophage (D:6)
  A howler monkey (D:6)
  2 hounds
  2 jellies
  6 iguanas
  An orc wizard (D:3)
  7 adders
  A shadow imp (D:6)
  A white imp (D:6)
  2 ufetubi
  2 worms
  6 dart slugs
  9 orcs
  5 bats
  8 endoplasms
  2 giant cockroaches (D:3)
  10 goblins
  9 hobgoblins
  4 jackals (D:1)
  4 kobolds
  3 quokkas
  7 ball pythons
  5 frilled lizards
  3 rats
109 creatures vanquished.

Vanquished Creatures (others)
  6 plants (D:3)
6 creatures vanquished.

Grand Total: 115 creatures vanquished

Notes
Turn   | Place    | Note
-------+----------+-------------------------------------------
     0 | D:1      | cforsyth the Hill Orc Fighter began the quest for the Orb.
     0 | D:1      | Reached XP level 1. HP: 19/19 MP: 1/1
    55 | D:1      | Reached XP level 2. HP: 17/27 MP: 2/2
   159 | D:1      | Found Qenaroh's Weapon Shoppe.
   316 | D:1      | Reached XP level 3. HP: 30/33 MP: 3/3
  1243 | D:3      | Found a shimmering altar of Xom.
  1279 | D:3      | Reached skill level 4 in Armour
  1279 | D:3      | Reached XP level 4. HP: 23/41 MP: 4/4
  1573 | D:3      | Found a transporter.
  1573 | D:3      | Noticed AigisTheKnight's ghost (amateur TeCj)
  1768 | D:3      | Found a transporter.
  1935 | D:3      | Reached XP level 5. HP: 43/47 MP: 5/5
  2029 | D:3      | Reached skill level 5 in Armour
  2236 | D:4      | Found a white marble altar of Elyvilon.
  2245 | D:4      | Reached skill level 5 in Fighting
  2414 | D:4      | Identified the +5 ring mail of Vanity {Str-5 Int+6 Dex+6}
  2441 | D:4      | Reached skill level 5 in Axes
  2441 | D:4      | Reached XP level 6. HP: 16/56 MP: 6/6
  2639 | D:4      | Reached skill level 6 in Armour
  3037 | D:5      | Entered Level 5 of the Dungeon
  3037 | D:5      | Noticed Eustachio
  3037 | D:5      | Found Liserph's General Store.
  3635 | D:5      | Noticed a black bear
  3648 | D:5      | Killed a black bear
  3649 | D:5      | Reached XP level 7. HP: 56/63 MP: 7/7
  3965 | D:5      | Found a shadowy altar of Dithmenos.
  3972 | D:5      | Reached skill level 7 in Armour
  4036 | D:5      | Killed Eustachio
  4152 | D:5      | Bought a scroll of identify for 30 gold pieces
  4305 | D:5      | Found a hazy altar of Hepliaklqana.
  4367 | D:5      | Noticed Grinder
  4379 | D:5      | Paralysed by Grinder for 4 turns
  4412 | D:5      | Killed Grinder
  4413 | D:5      | Reached skill level 8 in Armour
  4413 | D:5      | Reached XP level 8. HP: 30/73 MP: 8/8
  4906 | D:5      | Noticed Blork the orc
  4921 | D:5      | Killed Blork the orc
  5084 | D:6      | Found an ornate altar of the Wu Jian Council.
  5102 | D:6      | Reached skill level 9 in Armour
  5241 | D:6      | Found a staircase to the Ecumenical Temple.
  5285 | D:6      | HP: 2/74 [something (3)]
  5285 | D:6      | Slain by a sky beast

Illustrated notes

Levels and vault maps discovered:
D:1:      minmay_arrival_four_houses, layout_rooms, serial_shops, shop_fountains
D:2:      layout_loops_ring, hangedman_decor_points, minmay_tripent
D:3:      cheibrodos_greedy_goblins, layout_basic, mainiacjoe_overflow_alcove_4,
          gammafunk_ghost_arena, wad_rectangle_vault
D:4:      layout_basic, mainiacjoe_overflow_small_starburst
D:5:      layout_rooms, grunt_dithmenos_smoke,
          mainiacjoe_overflow_surrounded_room, serial_shops,
          nicolae_stop_n_shop_2, serial_corexii_hall, corexii_hall_statues_l,
          corexii_hall_statues_x, chequers_hall_statues_y,
          corexii_hall_statues_x, uniq_eustachio, uniq_blork_the_orc,
          uniq_grinder
D:6:      layout_loops_ring, overflow_temple_1_default,
          nicolae_overflow_hidden_temple, minmay_temple_entry_ruins,
          gup_sewer_entry_pipe

Skill      XL: |  1  2  3  4  5  6  7  8 |
---------------+-------------------------+-----
Axes           | 3 4 5 7 8 |  8.3
Fighting       | 4 5 6 7 8 |  8.0
Armour         | 4 5 6 8 9 |  9.7
Shields        | |  3.2

Action                   |  1- 3 |  4- 6 |  7- 9 || total
-------------------------+-------+-------+-------++-------
Melee: War axe           |    87 |   203 |   145 ||   435
  Use: Scroll            |       |       |     6 ||     6
       Potion            |       |       |     2 ||     2
Armor: Scale mail        |    47 |   134 |    71 ||   252
Dodge: Dodged            |    37 |   124 |    78 ||   239
Block: Buckler           |    21 |    66 |    32 ||   119

Table legend: (Time is in decaauts)
 A = Elapsed time spent in this place.
 B = Non-inter-level travel time spent in this place.
 C = Inter-level travel time spent in this place.
 D = Time resting spent in this place.
 E = Time spent auto-exploring this place.
 F = Levels seen in this place.
 G = Mean time per level.
                   A        B        C        D        E       F      G
               +--------+--------+--------+--------+--------+-----+--------+
         Total |   5407 |   5323 |     84 |    485 |   3603 |   6 |  901.2 |
       Dungeon |   5407 |   5323 |     84 |    485 |   3603 |   6 |  901.2 |
               +--------+--------+--------+--------+--------+-----+--------+

Top non-repeatable levels by time:
     D:4: 1601 daAuts
     D:5: 1301 daAuts
     D:3: 1079 daAuts
     D:2: 673 daAuts
     D:1: 542 daAuts
     D:6: 208 daAuts
